 Dungeon Crawl Stone Soup version 0.32-a0-519-g08f29ac1c3 (webtiles) character file.

Game seed: 16491489609982976668

19994 XTM the Fencer (level 12, 0/97 HPs)
             Began as a Coglin Warper on Feb 27, 2024.
             Was the Champion of Okawaru.
             Slain by an azure jelly (6 damage)
             ... in an ice cave on Feb 28, 2024.
             The game lasted 00:22:25 (11924 turns).

XTM the Fencer (Coglin Warper)                     Turns: 11924, Time: 00:22:25

Health: 0/97       AC:  8    Str: 12    XL:     12   Next: 74%
Magic:  18/18      EV: 13    Int: 25    God:    Okawaru [******]
Gold:   397        SH:  0    Dex: 25    Spells: 8/14 levels left

rFire   . . .        K - +3 double sword (elec) {Oskar}
rCold   . . .        y - +6 double sword "Fatsiky" {speed, +Blink rF+ Str-4 Int+7 Dex+2}
rNeg    . . .        m - +4 robe of Augmentation {Str+4 Int+4 Dex+4}
rPois   .            J - +0 helmet
rElec   .            (no cloak)
rCorr   .            (no gloves)
SInv    +            C - +0 pair of boots of Death's Door {rF- Int+2 SInv Stlth+}
Will    .....        r - amulet of regeneration
Stlth   +++          (ring unavailable)
HPRegen 1.16/turn    (ring unavailable)
MPRegen 0.16/turn

%: no passive effects
@: no status effects
A: off-hand wielding, slow wielding, warmup strikes, no rings
a: Renounce Religion, Evoke Blink, Heroism, Finesse, Duel


You were in an ice cave.
You worshipped Okawaru.
Okawaru was exalted by your worship.
You visited 2 branches of the dungeon, and saw 12 of its levels.
You also visited: Sewer and Ice Cave.

You collected 607 gold pieces.
You spent 210 gold pieces at shops.

Inventory:

Hand Weapons
 y - the +6 double sword "Fatsiky" (offhand) {speed, +Blink rF+ Str-4 Int+7 Dex+2}
   (You acquired it on level 9 of the Dungeon)

   Str-4:     It affects your strength (-4).
   Int+7:     It affects your intelligence (+7).
   Dex+2:     It affects your dexterity (+2).
   rF+:       It protects you from fire.
   +Blink:    It lets you blink.
 K - a +3 double sword of electrocution (weapon) {Oskar}
 M - a +0 demon blade {Azuma}
Missiles
 d - 9 darts of dispersal (quivered)
 h - 23 poisoned darts
 z - an atropa-tipped dart
 G - 2 curare-tipped darts
Armour
 f - +0 swamp dragon scales
 m - the +4 robe of Augmentation (worn) {Str+4 Int+4 Dex+4}
   (You found it on level 8 of the Dungeon)

   Str+4:     It affects your strength (+4).
   Int+4:     It affects your intelligence (+4).
   Dex+4:     It affects your dexterity (+4).
 C - the +0 pair of boots of Death's Door (worn) {rF- Int+2 SInv Stlth+}
   (Okawaru gifted it to you on level 10 of the Dungeon)

   Int+2:     It affects your intelligence (+2).
   rF-:       It makes you vulnerable to fire.
   SInv:      It lets you see invisible.
   Stlth+:    It makes you more stealthy.
 J - a +0 helmet (worn)
Jewellery
 r - an amulet of regeneration (around neck)
 A - an amulet of guardian spirit
Wands
 a - a wand of paralysis (10)
 i - a wand of iceblast (2)
 p - a wand of polymorph (15)
 q - a wand of flame (6)
Scrolls
 c - 3 scrolls of blinking {@r4}
 g - 3 scrolls of enchant armour
 o - 5 scrolls of torment
 s - 2 scrolls of enchant weapon
 u - a scroll of vulnerability {!r}
 w - 4 scrolls of teleportation {@r3}
 x - a scroll of silence {!r}
 B - 2 scrolls of poison
 E - a scroll of summoning {!r}
Potions
 b - a potion of magic {unknown}
 e - 5 potions of curing {@q2}
 j - 4 potions of brilliance {unknown}
 k - 2 potions of heal wounds {@q1}
 l - a potion of might {@q3}
 n - 2 potions of resistance {unknown}
 t - 3 potions of lignification {unknown}
 v - 2 potions of enlightenment {unknown}
 D - 3 potions of haste {unknown}
 F - 2 potions of mutation {unknown}
 H - 2 potions of degeneration {unknown}
 I - 2 potions of attraction {unknown}
 L - a potion of ambrosia {unknown}
 N - a potion of invisibility {unknown}


   Skills:
 - Level 10.0 Fighting
 * Level 15.5 Long Blades
 - Level 0.8 Throwing
 - Level 0.8 Armour
 - Level 1.7 Dodging
 - Level 1.7 Spellcasting
 - Level 3.0 Translocations
 + Level 8.4 Invocations


You had 8 spell levels left.
You knew the following spells:

 Your Spells              Type           Power      Damage    Failure   Level
b - Blink                 Tloc           34%        N/A       4%          2
m - Manifold Assault      Tloc           17%        N/A       32%         4

Your spell library contained the following spells:

 Spells                   Type           Power      Damage    Failure   Level
 Lesser Beckoning         Tloc           34%        N/A       4%          2
 Gell's Gravitas          Tloc           17%        N/A       10%         3
 Teleport Other           Tloc           17%        N/A       10%         3
 Magic Dart               Conj           8%         1d3       12%         1
 Cigotuvi's Dreadful Rot  Necr/Alch/Air  4%         N/A       17%         2
 Mercury Vapours          Alch/Air       4%         N/A       17%         2
 Searing Ray              Conj           4%         2d4       17%         2
 Sublimation of Blood     Necr           2%         N/A       17%         2
 Passage of Golubria      Tloc           17%        N/A       32%         4
 Mephitic Cloud           Conj/Alch/Air  2%         N/A       34%         3
 Ozocubu's Armour         Ice            2%         N/A       34%         3
 Dimensional Bullseye     Hex/Tloc       4%         N/A       52%         4
 Iskenderun's Mystic Bla  Conj/Tloc      9%         2d4       52%         4
 Vhi's Electric Charge    Tloc/Air       18%        N/A       52%         4
 Fulminant Prism          Conj/Alch      1%         3d5       75%         4
 Ignite Poison            Fire/Alch      2%         N/A       75%         4
 Petrify                  Alch/Erth      2%         N/A       75%         4
 Sticky Flame             Fire/Alch      2%         2d4       75%         4
 Arcjolt                  Conj/Air       1%         1d11      97%         5
 Freezing Cloud           Conj/Ice/Air   1%         6-21      97%         5
 Irradiate                Conj/Alch      1%         3d12      97%         5
 Metabolic Englaciation   Hex/Ice        1%         N/A       97%         5
 Yara's Violent Unravell  Hex/Alch       1%         3d3       97%         5
 Plasma Beam              Fire/Air       1%         2x1d11    100%        6
 Ignition                 Fire           1%         3d3       100%        8
 Tukima's Dance           Hex            Unusable   N/A       N/A         3
 Sculpt Simulacrum        Ice/Alch       Unusable   N/A       N/A         6

Dungeon Overview and Level Annotations

Branches:
Dungeon (11/15)            Temple (1/1) D:4            Lair (0/5) D:9
  Sewer (visited)           IceCv (1/1)
    Orc: D:9-12

Altars:
Ashenzari
Cheibriados
Dithmenos
Elyvilon
Fedhas
Gozag
Hepliaklqana
Kikubaaqudgha
Makhleb
Nemelex Xobeh
Okawaru
Qazlal
Ru
Sif Muna
Trog
Uskayaw
Vehumet
Wu Jian
Xom
Yredelemnul
Zin
The Shining One

Shops:
D:3 (**=   D:7 *

Annotations:
D:2 1 runed translucent door, Crazy Yiuf
D:3 3 runed translucent doors, TobyConnect's ghost, amateur OpFi IceCv exclusion: ice statue


Innate Abilities, Weirdness & Mutations

You can wield a second weapon in your off-hand.
It takes a long time for you to wield or remove held weapons.
Your first few attacks do less damage.
Your grasper-arms cannot wear rings.


Message History

You hit the slime creature but do no damage.
Lightning courses through the slime creature!!
The slime creature hits you.
You slice the slime creature with the +6 double sword "Fatsiky"!!
The slime creature is severely wounded.
You slash the slime creature with your +3 double sword of electrocution!
Lightning courses through the slime creature!
The slime creature hits you!
You are too injured to fight recklessly!
You are too injured to fight recklessly!
You are too injured to fight recklessly!
You slice the slime creature with the +6 double sword "Fatsiky"!!
You kill the slime creature!
Okawaru accepts your kill.
An azure jelly comes into view.
Found a viscous altar of Jiyva.
The slime creature hits you!
You slice the slime creature with your +3 double sword of electrocution!!
The slime creature is heavily wounded.
You slice the slime creature with the +6 double sword "Fatsiky"!!
The azure jelly quivers.
The slime creature hits you!
You hit the slime creature with your +3 double sword of electrocution.
The slime creature is almost dead.
You slice the slime creature with the +6 double sword "Fatsiky"!!
You kill the slime creature!
Okawaru accepts your kill. Okawaru grants you throwing weapons!
Something appears at your feet!
As you read the scroll of teleportation {@r3}, it crumbles to dust.
You feel strangely unstable.
Your surroundings seem slightly different.
The azure jelly closely misses you. The azure jelly hits you!
The azure jelly freezes you!!
* * * LOW HITPOINT WARNING * * *
The azure jelly hits you but does no damage.
The azure jelly hits you!
* * * LOW HITPOINT WARNING * * *
The azure jelly hits you but does no damage.
The azure jelly hits you.
You die...

#..##
#..##....####..#
..##
##..##...##.##..#
..#
#...##...#...#..#
.##
##...##..##......#
.#
#....##..##...ยง..#
.#
##..####..##......#
## #...#
#..##......# #
#..## #..##.##..##
# #..# ##..##@.##.#
# #..##
#..###.J#### ##
##..###..# #(..# .#
#..##...##....# .##
#...#...##.....#
..#
##......#.......#
..#
##....##.......#
..##
#....#...#.#...#
#..# ##..##...
.....#


You could see an azure jelly.

Vanquished Creatures
  3 quicksilver oozes (IceCv)
  3 two-headed ogres
  Amaemon (D:10)
  Pikel (D:6)
  An ice statue (IceCv)
  Maggie (D:6)
  An orange demon (D:10)
  A rime drake (D:9)
  A kobold demonologist (D:7)
  A gargoyle (D:7)
  2 ice devils (D:11)
  A polar bear (D:9)
  3 trolls
  12 slime creatures (IceCv)
  3 vampires
  2 wraiths
  Eustachio (D:6)
  16 yaks
  3 steam dragons
  2 great orb of eyes simulacra (IceCv)
  3 water moccasins
  4 orc warriors
  4 ice beasts
  3 black bears
  5 ogres (D:7)
  4 wolves
  A lemure (D:6)
  4 phantoms
  3 centaurs
  A slime creature simulacrum (IceCv)
  6 bullfrogs
  2 kobold brigands
  Blork the orc (D:4)
  2 gnoll sergeants
  2 scorpions (D:4)
  2 glowing shapeshifter simulacra (IceCv)
  14 killer bees
  7 howler monkeys
  A bombardier beetle (D:6)
  8 hounds
  3 jellies
  15 orc priests
  4 gnoll boudas (D:7)
  7 iguanas
  Ijyb (D:3)
  Natasha (twice) (D:2)
  7 orc wizards
  3 shapeshifter simulacra (IceCv)
  15 gnolls
  9 adders
  A shadow imp (D:5)
  A white imp (D:6)
  6 dart slugs
  31 orcs
  5 bats
  18 endoplasms
  10 giant cockroaches
  5 goblins
  3 hobgoblins
  4 jackals (D:1)
  7 quokkas
  13 ball pythons
  8 frilled lizards
  18 kobolds
  3 rats
335 creatures vanquished.

Notes
Turn   | Place    | Note
-------+----------+-------------------------------------------
     0 | D:1      | XTM the Coglin Warper began the quest for the Orb.
     0 | D:1      | Reached XP level 1. HP: 16/16 MP: 3/3
   128 | D:1      | Reached XP level 2. HP: 22/22 MP: 4/4
   490 | D:1      | Found a faded altar of an unknown god.
   735 | D:2      | Reached skill level 3 in Long Blades
   756 | D:2      | Reached XP level 3. HP: 28/28 MP: 5/5
   766 | D:2      | Noticed Natasha
   779 | D:2      | Killed Natasha
   866 | D:2      | Noticed Natasha
   877 | D:2      | Killed Natasha
   878 | D:2      | Reached XP level 4. HP: 15/35 MP: 6/6
  1194 | D:2      | Found a runed translucent door.
  1195 | D:2      | Noticed Crazy Yiuf
  1674 | D:3      | Found Niaz's Antique Weapon Shoppe.
  1709 | D:3      | Found Luwuunun's General Store.
  1753 | D:3      | Found a blossoming altar of Fedhas.
  1775 | D:3      | Found a basalt altar of Yredelemnul.
  1784 | D:3      | Found a runed translucent gate.
  1784 | D:3      | Found a runed translucent gate.
  1784 | D:3      | Found a runed translucent gate.
  1789 | D:3      | Noticed TobyConnect's ghost (amateur OpFi)
  1789 | D:3      | Noticed TobyConnect's ghost (amateur OpFi)
  1842 | D:3      | Noticed Ijyb
  1922 | D:3      | Killed Ijyb
  1923 | D:3      | Reached skill level 4 in Long Blades
  1923 | D:3      | Reached XP level 5. HP: 41/41 MP: 7/7
  1996 | D:3      | Found a glowing drain.
  2025 | Sewer    | Entered a sewer
  2428 | Sewer    | Reached skill level 5 in Long Blades
  2430 | Sewer    | HP: 2/42 [endoplasm (1)]
  2434 | Sewer    | Reached XP level 6. HP: 3/48 MP: 8/8
  2699 | D:3      | Found Neuz's Jewellery Emporium.
  2711 | D:3      | Found Buopt's Assorted Antiques.
  2741 | D:3      | Bought a scroll labelled PITOUCK ETZAL for 22 gold pieces
  2741 | D:3      | Bought a puce potion for 19 gold pieces
  2741 | D:3      | Bought a puce potion for 19 gold pieces
  2780 | D:3      | Found a hazy altar of Hepliaklqana.
  2896 | D:3      | Found a shadowy altar of Dithmenos.
  3059 | D:4      | Reached skill level 6 in Long Blades
  3059 | D:4      | Reached XP level 7. HP: 54/55 MP: 9/9
  3557 | D:4      | Found a staircase to the Ecumenical Temple.
  3562 | D:4      | Reached skill level 5 in Fighting
  3570 | Temple   | Entered the Ecumenical Temple
  3601 | Temple   | Became a worshipper of Warmaster Okawaru
  3654 | D:4      | Reached skill level 7 in Long Blades
  3958 | D:5      | Entered Level 5 of the Dungeon
  3958 | D:5      | Noticed Blork the orc
  3972 | D:4      | Killed Blork the orc
  4065 | D:4      | Reached skill level 1 in Invocations
  4065 | D:4      | Reached XP level 8. HP: 52/62 MP: 10/10
  4330 | D:5      | Reached * piety under Okawaru
  4440 | D:5      | Reached skill level 8 in Long Blades
  4770 | D:5      | Learned a level 2 spell: Blink
  4775 | D:5      | Learned a level 4 spell: Manifold Assault
  4861 | D:6      | Noticed Eustachio
  4945 | D:6      | Killed Eustachio
  5035 | D:6      | Noticed Maggie
  5040 | D:6      | Paralysed by Maggie for 4 turns
  5047 | D:6      | Killed Maggie
  5047 | D:6      | Reached ** piety under Okawaru
  5048 | D:6      | Reached skill level 9 in Long Blades
  5048 | D:6      | Reached XP level 9. HP: 31/71 MP: 11/11
  5423 | D:6      | Noticed Pikel
  5990 | D:6      | Killed Pikel
  5990 | D:6      | Reached *** piety under Okawaru
  5991 | D:6      | Reached skill level 10 in Long Blades
  6031 | D:7      | Found Xyrchisee's Lightly-Used Armoury.
  6057 | D:7      | Noticed a gargoyle
  6065 | D:7      | Killed a gargoyle
  6066 | D:7      | Reached XP level 10. HP: 56/79 MP: 13/13
  6361 | D:7      | Identified the serpent talisman of Xaek {rN++ Str-4}
  6380 | D:7      | Reached skill level 11 in Long Blades
  6400 | D:7      | Noticed a kobold demonologist
  6402 | D:7      | Reached **** piety under Okawaru
  6414 | D:7      | Killed a kobold demonologist
  6415 | D:7      | Reached skill level 5 in Invocations
  7120 | D:7      | Reached ***** piety under Okawaru
  7661 | D:7      | Bought a -1 demon blade for 150 gold pieces
  7756 | D:8      | Reached skill level 12 in Long Blades
  7819 | D:8      | Found the +4 robe of Augmentation {Str+4 Int+4 Dex+4}
  8105 | D:8      | Found a radiant altar of Vehumet.
  8116 | D:8      | Received a gift from Okawaru
  8146 | D:8      | Identified the +9 glaive "Emmehim" {speed, rC+ rN+ Will+
                  | rCorr}
  8249 | D:8      | Reached XP level 11. HP: 73/87 MP: 15/15
  9083 | D:9      | Found a white marble altar of Elyvilon.
  9261 | D:9      | Found a staircase to the Lair.
  9353 | D:9      | Reached skill level 13 in Long Blades
  9394 | D:9      | Found a burning altar of Makhleb.
  9396 | D:9      | Noticed a cacodemon
  9411 | D:9      | Noticed a two-headed ogre
  9417 | D:9      | Killed a two-headed ogre
  9417 | D:9      | Received a gift from Okawaru
  9867 | D:9      | Identified a scroll of acquirement
  9867 | D:9      | Acquired the +6 double sword "Fatsiky" {speed, +Blink rF+
                  | Str-4 Int+7 Dex+2}
  9958 | D:10     | Entered Level 10 of the Dungeon
 10622 | D:10     | Noticed Amaemon
 10636 | D:10     | Killed Amaemon
 10651 | D:10     | Reached skill level 10 in Fighting
 10708 | D:10     | Noticed a two-headed ogre
 10712 | D:10     | Killed a two-headed ogre
 10712 | D:10     | Reached ****** piety under Okawaru
 10713 | D:10     | Reached skill level 14 in Long Blades
 10713 | D:10     | Reached XP level 12. HP: 84/97 MP: 17/17
 10908 | D:10     | Acquired the +0 pair of boots of Death's Door {rF- Int+2
                  | SInv Stlth+}
 10908 | D:10     | Received a gift from Okawaru
 10915 | D:10     | Acquired a +3 double sword of electrocution
 10915 | D:10     | Received a gift from Okawaru
 11017 | D:11     | Noticed a two-headed ogre
 11023 | D:11     | Killed a two-headed ogre
 11023 | D:11     | Received a gift from Okawaru
 11042 | D:11     | Found a frozen archway.
 11085 | IceCv    | Entered an ice cave
 11099 | IceCv    | Noticed a quicksilver ooze
 11103 | IceCv    | Killed a quicksilver ooze
 11192 | IceCv    | Noticed a quicksilver ooze
 11204 | IceCv    | Killed a quicksilver ooze
 11717 | IceCv    | Reached skill level 15 in Long Blades
 11779 | IceCv    | Noticed a quicksilver ooze
 11784 | IceCv    | Killed a quicksilver ooze
 11915 | IceCv    | Found a viscous altar of Jiyva.
 11915 | IceCv    | Noticed an azure jelly
 11917 | IceCv    | Received a gift from Okawaru
 11924 | IceCv    | Slain by an azure jelly

Illustrated notes

Levels and vault maps discovered:
D:1:      kennysheep_arrival_forest, layout_rooms,
          hellmonk_ecumenical_altar_arch_garden
D:2:      layout_loops_ring, uniq_natasha, uniq_crazy_yiuf_cottage
D:3:      layout_rooms, nicolae_hepliaklqana_hippocampus,
          mainiacjoe_overflow_concentric_impassable,
          mainiacjoe_overflow_alcove_4, marbit_many_paths, gup_sewer_entry_pipe,
          serial_shops, nicolae_shop_crystal, nicolae_square_shop,
          nicolae_shop_advertising_works [nicolae_subvault_shop_adworks], shop,
          gammafunk_ghost_cemetery, uniq_ijyb
D:4:      layout_basic, minmay_temple_entry_antechambers
D:5:      layout_cave_pools, uniq_blork_the_orc
D:6:      cheibrodos_steamvent, layout_cave_pods, uniq_eustachio, uniq_pikel,
          uniq_maggie
D:7:      lemuel_castle_with_subvaults [lemuel_castle_interior_original],
          layout_rooms, grunt_decor_clamped, minmay_shop_damaged
D:8:      layout_loops_corners, nicolae_vehumet_radiance
D:9:      layout_stronghold, makhleb_altar_promises_db, elyvilon_altar_5,
          hellmonk_lair_entry_icy
D:10:     layout_loops_corners, serial_bayou_pond_d,
          nicolae_concentric_dashed_squares_mild, dreamdust_princess_corridor,
          uniq_amaemon
D:11:     layout_roguey, orc_0_dummy, serial_demonic, serial_demonic_b,
          serial_demonic_b, serial_demonic_e, serial_demonic_f,
          portal_ice_cave_demonic_guard, okawaru_metal_pillars_1_2
Temple:   bh_familiar_temple
IceCv:    ice_cave_hellmonk_azure_passage

Skill      XL: |  1  2  3  4  5  6  7  8  9 10 11 12 |
---------------+-------------------------------------+-----
Long Blades    | 3 4 5 6 7 9 10 12 14 15 | 15.5
Fighting       | 3 4 5 6 7 8 10 | 10.0
Invocations    | 1 3 4 5 7 8 |  8.4
Throwing       | |  0.8
Armour         | |  0.8
Dodging        | |  1.7
Spellcasting   | |  1.7
Translocations | |  3.0

Action                     |  1- 3 |  4- 6 |  7- 9 | 10-12 || total
---------------------------+-------+-------+-------+-------++-------
  Melee: Falchion          |    67 |   178 |    51 |       ||   296
         Short sword       |    47 |    41 |       |       ||    88
         Unarmed           |       |     6 |       |    12 ||    18
         Dagger            |       |   134 |   137 |       ||   271
         Long sword        |       |       |   165 |   201 ||   366
         Rapier            |       |       |    62 |   317 ||   379
         Demon blade       |       |       |       |   171 ||   171
         Double sword      |       |       |       |   186 ||   186
 Invoke: Receive Weapon    |       |       |       |     1 ||     1
         Receive Armour    |       |       |       |     1 ||     1
  Evoke: Wand              |       |       |     1 |     5 ||     6
    Use: Potion            |       |     3 |     2 |       ||     5
         Scroll            |       |     1 |     9 |     7 ||    17
   Stab: Sleeping          |       |     2 |       |     1 ||     3
         Paralysed         |       |       |       |     8 ||     8
         Distracted        |       |       |       |     1 ||     1
 Armour: Leather armour    |    52 |   125 |    20 |       ||   197
         Skin              |       |     1 |       |       ||     1
         Ring mail         |       |       |   100 |       ||   100
         Swamp dragon scal |       |       |    63 |   163 ||   226
         Robe              |       |       |       |   150 ||   150
  Dodge: Dodged            |    48 |   108 |   102 |   222 ||   480
         Repelled          |       |     2 |     1 |     1 ||     4

Table legend: (Time is in decaauts)
 A = Elapsed time spent in this place.
 B = Non-inter-level travel time spent in this place.
 C = Inter-level travel time spent in this place.
 D = Time resting spent in this place.
 E = Time spent auto-exploring this place.
 F = Levels seen in this place.
 G = Mean time per level.
                   A        B        C        D        E       F      G
               +--------+--------+--------+--------+--------+-----+--------+
         Total |  11898 |  11122 |    776 |   1778 |   6937 |  14 |  849.9 |
       Dungeon |  10282 |   9565 |    717 |   1175 |   6376 |  11 |  934.7 |
        Temple |     60 |      2 |     58 |      0 |      0 |   1 |   60.0 |
         Sewer |    738 |    738 |      0 |    104 |    428 |   1 |  738.0 |
      Ice Cave |    816 |    816 |      0 |    499 |    133 |   1 |  816.0 |
               +--------+--------+--------+--------+--------+-----+--------+

Top non-repeatable levels by time:
     D:7: 1486 daAuts
     D:6: 1245 daAuts
     D:8: 1144 daAuts
     D:9: 1103 daAuts
     D:4: 1042 daAuts
     D:2: 982 daAuts
    D:10: 954 daAuts
   IceCv: 816 daAuts
     D:5: 804 daAuts
   Sewer: 738 daAuts
     D:1: 691 daAuts
     D:3: 686 daAuts
    D:11: 141 daAuts
  Temple: 60 daAuts
